 Dungeon Crawl Stone Soup version 0.30.1-9-gdf580d7c3d (webtiles) character file.

Game seed: 15151174992824442072

1904 lonewolfV2 the Shield-Bearer (level 9, 0/68 HPs)
             Began as a Formicid Fighter on Sept 28, 2023.
             Was an Initiate of Gozag.
             Slain by a gnoll sergeant
             ... wielding a +3 spear of flaming
              (8 damage)
             ... on level 7 of the Dungeon.
             The game lasted 00:08:52 (7359 turns).

lonewolfV2 the Shield-Bearer (Formicid Fighter)     Turns: 7359, Time: 00:08:52

Health: 0/68       AC:  7    Str: 24    XL:     9   Next: 38%
Magic:  3/3        EV: 10    Int:  9    God:    Gozag
Gold:   248        SH:  6    Dex: 13    Spells: 8/8 levels left

rFire   . . .        d - +5 dire flail (antimagic)
rCold   . . .        c - +1 buckler
rNeg    . . .        b - +0 scale mail
rPois   .            (helmet unavailable)
rElec   .            (no cloak)
rCorr   .            (no gloves)
SInv    +            (no boots)
Will    .....        (no amulet) Stlth
                     (no ring)
HPRegen 0.31/turn    (no ring)
MPRegen 0.08/turn

%: no passive effects
@: no status effects
A: permanent stasis, dig shafts and tunnels, antennae 3, four strong arms
a: Dig, Shaft Self, Renounce Religion, Potion Petition, Call Merchant, Bribe
Branch


You were on level 7 of the Dungeon.
You worshipped Gozag.
Gozag was aware of your devotion.
You visited 2 branches of the dungeon, and saw 8 of its levels.
You also visited: Sewer.

You collected 356 gold pieces.
You paid 108 gold pieces to Gozag.

Inventory:

Hand Weapons
 a - a +0 war axe
 d - a +5 antimagic dire flail (weapon)
Armour
 b - a +0 scale mail (worn)
 c - a +1 buckler (worn)
Jewellery
 q - a ring of protection from cold
 s - a +4 ring of protection
 t - a ring of willpower
Wands
 u - a wand of roots (4)
Scrolls
 f - a scroll of silence
 g - a scroll of fear
 r - a scroll of enchant armour
Potions
 h - a potion of magic
 i - 7 potions of haste
 j - a potion of cancellation {unknown}
 k - a potion of lignification {unknown}
 l - a potion of attraction {unknown}
 m - 2 potions of berserk rage {unknown}
 n - 5 potions of curing {unknown}
 p - a potion of degeneration {unknown}


   Skills:
 + Level 5.3 Fighting
 + Level 5.9(7.0) Axes
 + Level 5.7(6.9) Maces & Flails
 + Level 6.5 Armour
 + Level 2.3 Dodging
 + Level 1.1 Stealth
 + Level 6.6 Shields


You had 8 spell levels left.
You didn't know any spells.
Your spell library contained the following spells:

 Spells                   Type           Power      Damage    Failure   Level
 Slow                     Hex            0%         N/A       71%         1
 Confusing Touch          Hex            0%         N/A       97%         3
 Dazzling Flash           Conj/Hex       0%         N/A       97%         3
 Ozocubu's Armour         Ice            0%         N/A       97%         3
 Vampiric Draining        Necr           0%         2d6       97%         3
 Cause Fear               Hex            0%         N/A       100%        4
 Agony                    Necr           0%         N/A       100%        5
 Silence                  Hex/Air        0%         N/A       100%        5
 Dragon Form              Tmut           0%         N/A       100%        7
 Ozocubu's Refrigeration  Ice            0%         4d7       100%        7
 Dragon's Call            Summ           0%         N/A       100%        9


Dungeon Overview and Level Annotations

Branches:
Dungeon (7/15)             Temple (1/1) D:6           Sewer (visited)

Altars:
Cheibriados
Dithmenos
Fedhas
Gozag
Hepliaklqana
Makhleb
Nemelex Xobeh
Okawaru
Ru
Sif Muna
Wu Jian
Yredelemnul

Shops:
D:2 !   D:6 =

Annotations:
D:7 Pikel


Innate Abilities, Weirdness & Mutations

You cannot be hasted, slowed, berserked, paralysed or teleported.
You can dig through walls and to a lower floor.
You have a pair of large antennae on your head. (SInv)
Your four strong arms can wield two-handed weapons with a shield.


Message History

The gnoll sergeant burns you. The lemure hits you.
* * * LOW HITPOINT WARNING * * *
You hit the gnoll.
The gnoll is almost dead.
The gnoll hits you with a +0 spear.
* * * LOW HITPOINT WARNING * * *
The gnoll sergeant hits you with a +3 spear of flaming.
* * * LOW HITPOINT WARNING * * *
The gnoll sergeant burns you.
* * * LOW HITPOINT WARNING * * *
The lemure misses you.
You feel much better. The gnoll closely misses you.
The gnoll sergeant hits you with a +3 spear of flaming!
* * * LOW HITPOINT WARNING * * *
The gnoll sergeant burns you.
* * * LOW HITPOINT WARNING * * *
The lemure barely misses you.
You feel much better.
The lemure is no longer distracted by gold.
You block the gnoll's attack. The gnoll sergeant closely misses you.
The lemure hits you but does no damage.
You puncture the lemure!
The lemure is heavily wounded.
You block the gnoll's attack.
The gnoll sergeant hits you with a +3 spear of flaming!
The gnoll sergeant burns you. The lemure hits you.
You completely miss the lemure.
The lemure is heavily wounded.
The gnoll hits you with a +0 spear.
The gnoll sergeant hits you with a +3 spear of flaming!
* * * LOW HITPOINT WARNING * * *
The gnoll sergeant burns you.
* * * LOW HITPOINT WARNING * * *
The lemure closely misses you.
It was a potion of magic.
Magic courses through your body. The gnoll hits you with a +0 spear.
* * * LOW HITPOINT WARNING * * *
The gnoll sergeant hits you with a +3 spear of flaming!
You die...
Your body crumbles into a pile of gold.

.... #... # ..$ ..
#.## ..# ... .!... #.#
.... .#...##.# .....
......#.# {§§§.....
......'.#######g§§....
......#...5{55@gg.....
..5.{ ###?######§#####
K..{ ##'## # ..{ #.<.#
.{ #...# . #.....
#....... #.........
###....$..


You could see 2 lemures, a gnoll sergeant and 2 gnolls.

Vanquished Creatures
  Edmund (D:4)
  A black bear (D:5)
  3 ice beasts
  2 ogres (D:4)
  A phantom (D:6)
  2 scorpions
  2 howler monkeys
  11 hounds
  3 jellies
  2 orc priests
  3 iguanas
  2 orc wizards (D:5)
  A sleepcap (D:4)
  A hell rat (Sewer)
  5 gnolls
  4 river rats (Sewer)
  10 adders
  2 white imps
  2 ufetubi (D:5)
  A worm (D:4)
  7 dart slugs
  20 orcs
  10 endoplasms
  2 giant cockroaches
  6 hobgoblins
  4 jackals (D:1)
  11 kobolds
  4 quokkas
  8 ball pythons
  4 bats
  3 frilled lizards
  8 goblins
  13 rats
  A spectral orc (D:6)
160 creatures vanquished.

Notes
Turn   | Place    | Note
-------+----------+-------------------------------------------
     0 | D:1      | lonewolfV2 the Formicid Fighter began the quest for the
                  | Orb.
     0 | D:1      | Reached XP level 1. HP: 18/18 MP: 1/1
   157 | D:1      | Reached XP level 2. HP: 16/24 MP: 2/2
   553 | D:1      | Reached XP level 3. HP: 25/29 MP: 3/3
   938 | D:2      | Reached XP level 4. HP: 35/36 MP: 4/4
  1322 | D:2      | Found Uvatoat's Distillery.
  1419 | D:2      | Reached XP level 5. HP: 27/42 MP: 5/5
  1632 | D:2      | Found a shimmering blue altar of Sif Muna.
  2220 | D:3      | Found a glowing drain.
  2345 | Sewer    | Entered a sewer
  2382 | Sewer    | Reached XP level 6. HP: 27/48 MP: 6/6
  2625 | D:3      | Found an ornate altar of the Wu Jian Council.
  3485 | D:4      | Reached skill level 5 in Axes
  3627 | D:4      | Noticed Edmund
  3641 | D:4      | Killed Edmund
  3642 | D:4      | Reached skill level 5 in Shields
  3642 | D:4      | Reached XP level 7. HP: 28/54 MP: 0/7
  3959 | D:4      | Reached skill level 1 in Dodging
  4063 | D:4      | Reached skill level 1 in Maces & Flails
  4383 | D:4      | HP: 1/55 [gnoll/+0 whip (5)]
  4392 | D:4      | Reached XP level 8. HP: 12/61 MP: 2/8
  4691 | D:5      | Entered Level 5 of the Dungeon
  4702 | D:5      | Reached skill level 5 in Armour
  5436 | D:5      | Reached skill level 5 in Fighting
  5636 | D:5      | Reached XP level 9. HP: 28/68 MP: 3/9
  6293 | D:6      | Reached skill level 5 in Maces & Flails
  6501 | D:6      | Reached skill level 1 in Stealth
  6619 | D:6      | Found a basalt altar of Yredelemnul.
  6740 | D:6      | Found Wigruh's Jewellery Emporium.
  7039 | D:6      | Found a staircase to the Ecumenical Temple.
  7049 | Temple   | Entered the Ecumenical Temple
  7082 | Temple   | Became a worshipper of Gozag Ym Sagoz the Greedy
  7199 | D:6      | Found a blossoming altar of Fedhas.
  7326 | D:7      | Noticed Pikel
  7359 | D:7      | Slain by a gnoll sergeant

Illustrated notes

Levels and vault maps discovered:
D:1:      dpeg_arrival_solitude, layout_basic, serial_curves, eino_curves_04,
          eino_curves_01, eino_curves_01, eino_curves_01, minmay_misc_feat_five,
          st_stairs_7
D:2:      minmay_alternating_diamond, layout_loops_corners, serial_shops, shop,
          basic_altar, st_stairs_9, minmay_misc_feat_encased, minivault_14,
          bh_walls_and_bars
D:3:      layout_basic, nicolae_overflow_hidden_temple, gup_sewer_entry_bowl
D:4:      layout_gridville, serial_rivers, chequers_serial_rivers_large_a,
          chequers_serial_rivers_micro_a, chequers_serial_rivers_small_a,
          chequers_serial_rivers_micro_e, chequers_avenue,
          minmay_quadrilaterals, uniq_edmund
D:5:      minmay_octagon_keep, layout_rooms, grunt_ministairs_6,
          minmay_misc_feat_tower
D:6:      layout_loops_cross, yredelemnul_forgotten_temple_becter,
          fedhas_altar_4, lemuel_temple_firewalk_a, serial_shops, shop
D:7:      layout_basic, mainiacjoe_overflow_chevrons, minmay_microvault,
          uniq_duvessa, uniq_pikel, uniq_prince_ribbit1
Temple:   nicolae_temple_bog_church

Skill      XL: |  1  2  3  4  5  6  7  8  9 |
---------------+----------------------------+-----
Axes           | 3 4 5 |  5.9
Armour         | 4 5 6 |  6.5
Fighting       | 4 5 |  5.3
Shields        | 5 6 |  6.6
Dodging        | 1 2 |  2.3
Maces & Flails | 2 4 5 |  5.7
Stealth        | 1 |  1.1

Action                     |  1- 3 |  4- 6 |  7- 9 || total
---------------------------+-------+-------+-------++-------
  Melee: War axe           |    82 |   158 |       ||   240
         Dire flail        |       |       |   250 ||   250
Ability: Dig               |       |     1 |       ||     1
    Use: Scroll            |       |    10 |     5 ||    15
         Potion            |       |     1 |     6 ||     7
 Armour: Scale mail        |    47 |    91 |    96 ||   234
  Dodge: Dodged            |    45 |   100 |   122 ||   267
  Block: Buckler           |    18 |    50 |    80 ||   148
